[Event "Late-Titled-Tuesday-Blitz-June-04-2024"]
[Site "Chess.com"]
[Date "2024.06.04"]
[Round "1"]
[White "Zura_19"]
[Black "Sacbutt"]
[Result "1-0"]
[WhiteElo "2624"]
[BlackElo "2314"]
[TimeControl "180+1"]
[EndTime "14:05:00 PDT"]
[Termination "Zura_19 won by resignation"]

1. d4 Nf6 2. Bg5 d5 3. Bxf6 exf6 4. e3 Bd6 5. c4 c6 6. Nc3 dxc4 7. Bxc4 O-O 8. Nge2 Be6 9. Bxe6 fxe6 10. Qb3 Qd7 11. O-O Na6 12. a3 Rae8 13. Rfd1 Qc7 14. h3 Qb6 15.
Qa2 Kh8 16. b4 Nc7 17. Ne4 Be7 18. Rac1 f5 19. Nc5 Bxc5 20. dxc5 Qa6 21. Rd7 Nd5 22.
Qb2 Re7 23. Rxe7 Nxe7 24. Nf4 Rf6 25. Rd1 Nd5 26. Qe5 h6 27. Nxe6 Qxa3 28. Qb8+ Kh7 29. Nf8+ Rxf8 30. Qxf8 Qxb4 31. Qxf5+ Kg8 32. e4 Nf6 33.
Rd8+ Kf7 34. e5 Qxc5 35. e6+ Ke7 36. Qxc5+ 1-0

[Event "Late-Titled-Tuesday-Blitz-June-04-2024"]
[Site "Chess.com"]
[Date "2024.06.04"]
[Round "1"]
[White "YurasovMat-2012"]
[Black "LoonsDeKoeben"]
[Result "1-0"]
[WhiteElo "2600"]
[BlackElo "2282"]
[TimeControl "180+1"]
[EndTime "14:05:02 PDT"]
[Termination "YurasovMat-2012 won by resignation"]

1. e4 b6 2. Nf3 Bb7 3. Nc3 e6 4.
d4 Bb4 5. Bd3 Nf6 6. Qe2 d5 7.
exd5 Nxd5 8. Bd2 Nxc3 9. bxc3 Bd6 10. Ng5 h6 11. Qh5 Qf6 12. Nxf7 Qxf7 13. Bg6 Rf8 14.
Bxf7+ Rxf7 15. O-O Nd7 16. Rfe1 Kf8 17. Rxe6 Kg8 18. Rae1 Raf8 19. f3 Nf6 20. Qg6 Bc8 21. Rxd6 cxd6 22. Bxh6 Kh8 23. Bd2 Kg8 24. c4 Ba6 25.
Re6 Bxc4 26. Rxd6 Re7 27. h4 Ne8 28. Rd8 Bf7 29. Qc6 Re2 30. Bb4 1-0

[Event "Late-Titled-Tuesday-Blitz-June-04-2024"]
[Site "Chess.com"]
[Date "2024.06.04"]
[Round "1"]
[White "King_Deded4d5"]
[Black "CMmauricio"]
[Result "0-1"]
[WhiteElo "2449"]
[BlackElo "2809"]
[TimeControl "180+1"]
[EndTime "14:05:07 PDT"]
[Termination "CMmauricio won by resignation"]

1. d4 f5 2. Nc3 d5 3. Bf4 Nf6 4. Nb5 Na6 5. e3 e6 6. c4 c6 7. Nc3 Nc7 8. Nf3 Bd6 9. Be2 O-O 10. O-O Ne4 11. Bxd6 Nxd6 12. Ne5 Nce8 13. b4 Nf7 14. Nxf7 Rxf7 15. b5 Bd7 16. a4 Rf6 17. f4 Rh6 18. a5 cxb5 19. cxd5 a6 20. Bf3 Nd6 21. Qb3 Qh4 22. h3 Re8 23. Rae1 Nc4 24. dxe6 Bxe6 25. d5 Bf7 26. e4 Nd2 27. Qd1 Nxf1 28. e5 Qxf4 29.
e6 Nd2 30. exf7+ Kxf7 31. Bh5+ g6 32. Rxe8 Kxe8 33. Qe2+ Kf8 0-1

[Event "Late-Titled-Tuesday-Blitz-June-04-2024"]
[Site "Chess.com"]
[Date "2024.06.04"]
[Round "1"]
[White "Laico"]
[Black "Sl4werThanYou"]
[Result "0-1"]
[WhiteElo "2421"]
[BlackElo "2751"]
[TimeControl "180+1"]
[EndTime "14:05:07 PDT"]
[Termination "Sl4werThanYou won on time"]

1. e4 e5 2. Nc3 Nc6 3. Bc4 Nf6 4. d3 Bc5 5. f4 d5 6. exd5 Nd4 7. fxe5 Ng4 8. Ne4 Bb6 9. c3 Nxe5 10. cxd4 Nxc4 11.
dxc4 O-O 12. Ne2 Re8 13. N4g3 Bg4 14. O-O Qe7 15. Rf2 c5 16. dxc6 bxc6 17. c5 Ba5 18. Qd3 Rad8 19. Bd2 Bc7 20. Bf4 Ba5 21. Bd6 Qg5 22.
Ne4 Qh6 23. N2g3 Be6 24. a3 Rd7 25. b4 Bd8 26. Nf5 Qg6 27. Raf1 Bd5 28. Nc3 Be6 29. Nh4 Qxd3 0-1

[Event "Late-Titled-Tuesday-Blitz-June-04-2024"]
[Site "Chess.com"]
[Date "2024.06.04"]
[Round "1"]
[White "lamomiajunior"]
[Black "fpawn"]
[Result "1-0"]
[WhiteElo "2731"]
[BlackElo "2410"]
[TimeControl "180+1"]
[EndTime "14:05:07 PDT"]
[Termination "lamomiajunior won by resignation"]

1. e4 e5 2. Nf3 Nc6 3. Bc4 Bc5 4. c3 Nf6 5. d3 d6 6. Bg5 h6 7. Bh4 g5 8. Bg3 a6 9. a4 Bg4 10. h3 Bh5 11. Nbd2 O-O 12. O-O Kg7 13. b4 Ba7 14.
Qc2 Ne7 15. d4 exd4 16. cxd4 Bg6 17. Bd3 Re8 18. Rac1 Rc8 19. Rfe1 Nh5 20. Bh2 c6 21. Nc4 d5 22. Nd6 Bb8 23. Nxe8+ Qxe8 24. Bxb8 Rxb8 25. exd5 Bxd3 26. Qxd3 Nf4 27. Qe3 Nfxd5 28. Qe5+ f6 29. Qd6 Qd8 30. Qc5 Ng6 31. b5 Ngf4 32. bxc6 bxc6 33.
Qa7+ Kg6 34. Rxc6 Rb2 35. Ne5+ Kh5 36. Qf7+ 1-0

[Event "Late-Titled-Tuesday-Blitz-June-04-2024"]
[Site "Chess.com"]
[Date "2024.06.04"]
[Round "1"]
[White "szachmistrz2500"]
[Black "lachesisQ"]
[Result "0-1"]
[WhiteElo "2512"]
[BlackElo "3049"]
[TimeControl "180+1"]
[EndTime "14:05:09 PDT"]
[Termination "lachesisQ won by resignation"]

1. d4 Nf6 2. c4 g6 3. Nc3 d5 4. Nf3 Bg7 5. cxd5 Nxd5 6. Qb3 Nb6 7. Bf4 O-O 8. e3 Be6 9. Qc2 Nc6 10. Be2 Nb4 11. Qd1 c5 12. dxc5 Nc4 13. Qxd8 Rfxd8 14. Rc1 Nxb2 15. O-O N2d3 16. Bxd3 Nxd3 17. Rc2 Bf5 18.
e4 Nxf4 19. exf5 Bxc3 20. g3 Nd5 21. fxg6 hxg6 22. Rb1 b6 23. cxb6 axb6 24. Nd2 Bxd2 25. Rxd2 e6 26. Rc2 Ra3 27. Kg2 Rda8 28. Rbb2 Kg7 29.
h4 R8a4 30. Re2 b5 31. Rec2 b4 32. Kf1 Nc3 33. Ke1 Rxa2 34. Rxa2 Rxa2 35. Rc1 b3 36. Rxc3 b2 37. Rb3 Ra1+ 38. Kd2 b1=Q 39. Rxb1 Rxb1 0-1

[Event "Late-Titled-Tuesday-Blitz-June-04-2024"]
[Site "Chess.com"]
[Date "2024.06.04"]
[Round "1"]
[White "vladoboch"]
[Black "ShiroglanTalibov"]
[Result "0-1"]
[WhiteElo "2475"]
[BlackElo "2901"]
[TimeControl "180+1"]
[EndTime "14:05:09 PDT"]
[Termination "ShiroglanTalibov won by resignation"]

1. e4 c5 2. Nf3 Nc6 3. Bb5 Qb6 4. Nc3 e6 5. O-O a6 6. Bxc6 Qxc6 7. d4 cxd4 8. Nxd4 Qc7 9. Be3 b5 10. a3 Bb7 11. f4 Nf6 12. Qd3 d6 13. Kh1 Be7 14. Rad1 O-O 15. f5 e5 16. Nde2 h6 17.
Bg1 Rfd8 18. Qe3 Rac8 19. Rd2 Bc6 20. Rfd1 Qb7 21. Ng3 a5 22. Qb6 b4 23. Nd5 Bxd5 24. exd5 Qd7 25. axb4 axb4 26. Qxb4 Rb8 27. Qa3 h5 28.
Qf3 h4 29. Ne4 Nxe4 30. Qxe4 Rxb2 31. c4 Rxd2 32. Rxd2 Qa4 33. h3 Rc8 34. c5 Qxe4 0-1

[Event "Late-Titled-Tuesday-Blitz-June-04-2024"]
[Site "Chess.com"]
[Date "2024.06.04"]
[Round "1"]
[White "nihalsarin"]
[Black "Real_taiatai"]
[Result "1-0"]
[WhiteElo "3244"]
[BlackElo "2523"]
[TimeControl "180+1"]
[EndTime "14:05:15 PDT"]
[Termination "nihalsarin won by checkmate"]

1. d4 Nf6 2. c4 g6 3. Nf3 Bg7 4. Nc3 d6 5. e4 O-O 6. Be2 Nbd7 7. O-O e5 8. dxe5 dxe5 9. Qc2 c6 10. Rd1 Qc7 11.
h3 Nc5 12. Be3 Ne6 13. b4 a5 14. a3 Nh5 15. c5 Nef4 16. Bf1 Be6 17. Ng5 Bc8 18.
Na4 h6 19. Nb6 Rb8 20. Nxc8 Rbxc8 21. Nf3 g5 22. g3 Ne6 23. Bc4 Rfe8 24. Rd6 Bf8 25.
Rad1 Nhg7 26. Nxe5 axb4 27. axb4 Rcd8 28. Ng4 Bxd6 29. cxd6 Rxd6 30. Rxd6 Qxd6 31. Nxh6+ Kf8 32. Qc3 b5 33. Bxe6 Nxe6 34. Qh8+ Ke7 35. Nf5+ Kd7 36.
Qxe8+ Kxe8 37. Nxd6+ Ke7 38. Nf5+ Kd7 39. Nd4 Nd8 40.
Bxg5 Nb7 41. Nb3 Nd6 42. Nc5+ Ke8 43. Bf4 Nc4 44. h4 Kf8 45. h5 Kg8 46. g4 Na3 47. f3 Nc2 48. Bd2 Nd4 49. Kf2 Kh7 50. Bc3 Nc2 51. g5 Na3 52. Nd7 Kg8 53. h6 Kh7 54. Nf8+ Kg8 55. h7+ Kxf8 56. h8=Q+ Ke7 57. Bf6+ Kd7 58. Qd8+ Ke6 59. Qe7# 1-0

[Event "Late-Titled-Tuesday-Blitz-June-04-2024"]
[Site "Chess.com"]
[Date "2024.06.04"]
[Round "1"]
[White "Onischuk_V"]
[Black "McCarthyStone"]
[Result "1-0"]
[WhiteElo "2860"]
[BlackElo "2463"]
[TimeControl "180+1"]
[EndTime "14:05:15 PDT"]
[Termination "Onischuk_V won by resignation"]

1. e4 e5 2. Nf3 d6 3. d4 exd4 4.
Nxd4 Nf6 5. Nc3 g6 6. g3 Bg7 7.
Bg2 O-O 8. O-O Nc6 9. Nde2 Bd7 10. h3 Re8 11. g4 b5 12. a3 a5 13. Ng3 b4 14. axb4 axb4 15. Rxa8 Qxa8 16. Nce2 h6 17.
f4 Qa7+ 18. Kh1 Bxg4 19. hxg4 Nxg4 20. Qe1 Nd4 21. Nxd4 Bxd4 22. Qe2 h5 23. Bf3 Nf2+ 24. Kg2 Ng4 25. Bxg4 hxg4 26. Qxg4 b3 27. f5 Bg7 28.
fxg6 fxg6 29. Qxg6 c5 30. Qxe8+ Kh7 31. Rh1+ Bh6 32.
Rxh6+ Kg7 1-0

[Event "Late-Titled-Tuesday-Blitz-June-04-2024"]
[Site "Chess.com"]
[Date "2024.06.04"]
[Round "1"]
[White "Slovak_fighter2000"]
[Black "Lavandum24"]
[Result "1-0"]
[WhiteElo "2527"]
[BlackElo "1859"]
[TimeControl "180+1"]
[EndTime "14:05:19 PDT"]
[Termination "Slovak_fighter2000 won on time"]

1. d4 Nc6 2. d5 Ne5 3. e4 Ng6 4. h4 h5 5. Bg5 Nf6 6. Nc3 e5 7. Be2 Bb4 8. Bxh5 Be7 9. Bxg6 fxg6 10. Nf3 d6 11. Qe2 Bg4 12. O-O-O Qd7 13. Qb5 O-O-O 14. Qxd7+ Rxd7 15. Rde1 Nh5 16. Bxe7 Rxe7 17. Ng5 Nf4 18.
f3 Bd7 19. g3 Nh5 20. Ne2 Nf6 21. Kd2 Kb8 22. Ke3 Rf8 23. g4 Rh8 24. Ng3 Bb5 25.
b3 Bd7 26. c4 Kc8 27. b4 b6 28. Rc1 Kd8 29. c5 bxc5 30. bxc5 Bc8 31. c6 Ke8 32. Rb1 Kd8 33. Rb8 1-0

[Event "Late-Titled-Tuesday-Blitz-June-04-2024"]
[Site "Chess.com"]
[Date "2024.06.04"]
[Round "1"]
[White "Cuchulin"]
[Black "Valiyev_Shahin"]
[Result "1-0"]
[WhiteElo "2272"]
[BlackElo "2566"]
[TimeControl "180+1"]
[EndTime "14:05:22 PDT"]
[Termination "Cuchulin won by checkmate"]

1. d4 d5 2. Bf4 c5 3. e3 Nc6 4.
Nc3 Nf6 5. Nb5 e5 6. dxe5 Ne4 7.
Qxd5 Qxd5 8. Nc7+ Kd8 9. Nxd5 Be6 10. Rd1 Kc8 11. f3 Bxd5 12. Rxd5 Nb4 13. fxe4 Nxd5 14. exd5 a6 15. c4 Be7 16. Nf3 h6 17. h4 Kd7 18. Bd3 g6 19. Kf2 Raf8 20. Rd1 b6 21. d6 Bd8 22. Be4 a5 23. Bc2 f6 24.
exf6 Bxf6 25. Bxg6 Ke6 26. d7 Rd8 27. Be8 Bxb2 28.
Rd6+ Ke7 29. Rxb6 Bf6 30. Bd6+ Ke6 31. Be5+ Kf5 32. Bxf6 a4 33. Bxh8 a3 34. Bf6 Ra8 35. d8=Q h5 36. Qd5+ Kg4 37. Qg5# 1-0

[Event "Late-Titled-Tuesday-Blitz-June-04-2024"]
[Site "Chess.com"]
[Date "2024.06.04"]
[Round "1"]
[White "robertoalejandro10"]
[Black "krzyzan94"]
[Result "0-1"]
[WhiteElo "2454"]
[BlackElo "2813"]
[TimeControl "180+1"]
[EndTime "14:05:24 PDT"]
[Termination "krzyzan94 won by resignation"]

1. Nf3 Nf6 2. b3 g6 3. Bb2 Bg7 4. g3 O-O 5. c4 c5 6. Bg2 Nc6 7.
O-O d5 8. cxd5 Nxd5 9. Bxg7 Kxg7 10. Nc3 Nxc3 11. dxc3 Qxd1 12. Rfxd1 Bf5 13. Nh4 Be6 14. Nf3 h6 15. Nd2 Rac8 16. Ne4 b6 17. h3 a5 18. c4 a4 19. Nc3 axb3 20. axb3 Nd4 21. Rab1 Bf5 22. e4 Be6 23. Nd5 Bxd5 24. exd5 Ne2+ 25. Kh2 Nc3 26. Rdc1 Nxb1 27. Rxb1 Rc7 28. Be4 Rd8 29.
Kg2 Ra7 30. Bf3 Ra2 31. b4 Rc2 32. bxc5 bxc5 33. Rb7 Kf6 34. Rb6+ Rd6 0-1

[Event "Late-Titled-Tuesday-Blitz-June-04-2024"]
[Site "Chess.com"]
[Date "2024.06.04"]
[Round "1"]
[White "cassoulet"]
[Black "Chess_Star1234"]
[Result "1-0"]
[WhiteElo "2741"]
[BlackElo "2415"]
[TimeControl "180+1"]
[EndTime "14:05:25 PDT"]
[Termination "cassoulet won by resignation"]

1. d4 d5 2. Bf4 Nf6 3. e3 c5 4. c3 Nc6 5. Nd2 Bf5 6. Ngf3 e6 7. Be2 Bd6 8. Bg3 O-O 9. O-O Ne4 10. Nxe4 Bxe4 11.
Qb3 Bxg3 12. hxg3 Qb6 13. dxc5 Qxc5 14. Nd4 Rab8 15. Rac1 Rfc8 16. Rfd1 a6 17. c4 Nxd4 18. exd4 dxc4 19. dxc5 cxb3 20. axb3 b6 21. cxb6 Rxc1 22.
Rxc1 a5 23. Ba6 g6 24. Rc8+ Rxc8 25. Bxc8 Kf8 26. b7 Bxb7 27. Bxb7 Ke7 28. Kf1 Kd6 29. Ke2 Kc5 30. Kd3 Kb6 31. Bf3 f5 32. Kd4 Kb5 33. Ke5 Kb4 34. Bd1 1-0

[Event "Late-Titled-Tuesday-Blitz-June-04-2024"]
[Site "Chess.com"]
[Date "2024.06.04"]
[Round "1"]
[White "Ykow"]
[Black "VirtualCoach"]
[Result "1-0"]
[WhiteElo "2559"]
[BlackElo "2206"]
[TimeControl "180+1"]
[EndTime "14:05:28 PDT"]
[Termination "Ykow won by resignation"]

1. e4 c5 2. Nf3 d6 3. Nc3 a6 4. g3 g6 5. Bg2 Bg7 6. O-O Nc6 7.
h3 e5 8. d3 Nge7 9. Nh2 O-O 10. f4 f5 11. fxe5 dxe5 12. Be3 Nd4 13. Qd2 b5 14. exf5 Bxf5 15. Ng4 Bxg4 16. hxg4 Rb8 17. Ne4 Qb6 18. c3 Ne6 19. b4 Rxf1+ 20. Rxf1 Rc8 21. Nxc5 Nxc5 22. bxc5 Qc7 23. d4 Qd7 24. Qd1 Nd5 25.
dxe5 Rd8 26. Bd4 Nxc3 27. Qb3+ Nd5 28. Rd1 Kh8 29. Bb2 Qxg4 30. Rxd5 Rf8 31. c6 Qf5 32. c7 Qf2+ 33. Kh2 Qf4 34. gxf4 1-0

[Event "Late-Titled-Tuesday-Blitz-June-04-2024"]
[Site "Chess.com"]
[Date "2024.06.04"]
[Round "1"]
[White "WPWPWP-2015"]
[Black "Duhless"]
[Result "0-1"]
[WhiteElo "2519"]
[BlackElo "3109"]
[TimeControl "180+1"]
[EndTime "14:05:29 PDT"]
[Termination "Duhless won by resignation"]

1. e4 c5 2. Nf3 d6 3. Bb5+ Nc6 4. O-O Bd7 5. Re1 Nf6 6. h3 a6 7. Bf1 g5 8. Nh2 h5 9. d3 Rg8 10. b4 g4 11. h4 e6 12. bxc5 d5 13. Bg5 Bxc5 14.
g3 dxe4 15. Rxe4 Rxg5 16. hxg5 Nxe4 17. dxe4 Qxg5 18. Nd2 h4 19. Nxg4 hxg3 20. Bg2 gxf2+ 21. Nxf2 O-O-O 22. Nf1 Rg8 23. Qf3 Nd4 24. Qh3 e5 0-1

[Event "Late-Titled-Tuesday-Blitz-June-04-2024"]
[Site "Chess.com"]
[Date "2024.06.04"]
[Round "1"]
[White "VladimirBugayev"]
[Black "CrushingKings"]
[Result "0-1"]
[WhiteElo "2303"]
[BlackElo "2614"]
[TimeControl "180+1"]
[EndTime "14:05:29 PDT"]
[Termination "CrushingKings won by resignation"]

1. e4 g6 2. Nc3 Bg7 3. d4 c6 4.
h4 h5 5. Be3 d5 6. e5 Nh6 7. Nf3 Bg4 8. Be2 Bxf3 9. Bxf3 Nf5 10.
Bg5 Qb6 11. Bxd5 cxd5 12. Nxd5 Qa5+ 13. Nc3 Nc6 14. Be3 Rd8 15. d5 Nxe5 16. O-O Nc4 17.
Bc1 Nxb2 18. Bxb2 Bxc3 19. Rb1 b6 20. Bxc3 Qxc3 21. Rb3 Qf6 22. g3 O-O 23. c4 Rc8 24.
Qd3 Rc5 25. Re1 Rfc8 26. Re4 Nd6 27. Rf4 Qa1+ 28. Rb1 Qxa2 29. Re1 Rxc4 30. Rxf7 Kxf7 31. Qf3+ Ke8 32. Qf6 Re4 33. Qxg6+ Kd7 34. Rxe4 Qb1+ 35. Kh2 Qxe4 36. Qxh5 Rc1 0-1

[Event "Late-Titled-Tuesday-Blitz-June-04-2024"]
[Site "Chess.com"]
[Date "2024.06.04"]
[Round "1"]
[White "TigrVShlyape"]
[Black "Chaubunagungamaug1"]
[Result "1-0"]
[WhiteElo "2892"]
[BlackElo "2471"]
[TimeControl "180+1"]
[EndTime "14:05:30 PDT"]
[Termination "TigrVShlyape won by resignation"]

1. d4 d5 2. Bf4 Nf6 3. e3 c5 4. c3 Nc6 5. Nd2 Bf5 6. Qb3 Qc8 7. a4 e6 8. Ngf3 Be7 9. Be2 O-O 10.
h3 h6 11. O-O Ne4 12. Nxe4 Bxe4 13. Nd2 Bg6 14. a5 Rd8 15. Rfc1 c4 16. Qa4 Bd6 17. Bxd6 Rxd6 18. b3 cxb3 19. Nxb3 e5 20. Nc5 Nxa5 21. Qxa5 b6 22. Qa6 Rc6 23. Qxc8+ Raxc8 24. Nd3 exd4 25. cxd4 Rc4 26. Rd1 a5 27. Ne5 Rc2 28. Nxg6 fxg6 29. Bf3 Rb2 30. Bxd5+ Kh7 31. Rdb1 Rcc2 32. Rxb2 Rxb2 33.
h4 g5 34. h5 g6 35. Be4 Kg7 36. hxg6 1-0

[Event "Late-Titled-Tuesday-Blitz-June-04-2024"]
[Site "Chess.com"]
[Date "2024.06.04"]
[Round "1"]
[White "Flawless_Fighter"]
[Black "WilliamAlfaroCaracas"]
[Result "1-0"]
[WhiteElo "2672"]
[BlackElo "2355"]
[TimeControl "180+1"]
[EndTime "14:05:34 PDT"]
[Termination "Flawless_Fighter won on time"]

1. d4 Nf6 2. Nf3 g6 3. g3 Bg7 4. Bg2 d5 5. O-O O-O 6. Bf4 c6 7. c3 a5 8. Nbd2 a4 9. Re1 Bf5 10. Nh4 Bd7 11. e4 dxe4 12. Nxe4 Na6 13. Nxf6+ Bxf6 14. Nf3 Nc7 15. Ne5 Be6 16. Ng4 Bg7 17. a3 Qc8 18.
Ne5 Bh3 19. Bxh3 Qxh3 20. Nxc6 bxc6 21. Bxc7 Qd7 22. Be5 Rfd8 23. Qf3 Ra5 24. Bxg7 Kxg7 25. Re2 e6 26. h4 Rb5 27. Rd1 h5 28. Rdd2 Rd5 29.
Qf4 c5 30. Re4 e5 31. Rxe5 cxd4 32. Rxd5 Qxd5 33. Rxd4 Qa8 34. Qe5+ Kg8 35. Rxd8+ Qxd8 36. Qd4 Qe8 37. c4 1-0

[Event "Late-Titled-Tuesday-Blitz-June-04-2024"]
[Site "Chess.com"]
[Date "2024.06.04"]
[Round "1"]
[White "Defenstrator"]
[Black "oskariot"]
[Result "0-1"]
[WhiteElo "2379"]
[BlackElo "2695"]
[TimeControl "180+1"]
[EndTime "14:05:35 PDT"]
[Termination "oskariot won by resignation"]

1. f4 b6 2. Nf3 Bb7 3. d3 d5 4. Nc3 Nf6 5. g3 d4 6. Nb5 Bxf3 7. exf3 e6 8. Qe2 a6 9. Na3 Bb4+ 10. Bd2 Bxd2+ 11. Qxd2 b5 12. Bg2 Nd5 13. c3 Ne3 14. Nc2 Nxg2+ 15. Qxg2 dxc3 16. bxc3 Qxd3 17. Rd1 Qxc3+ 18.
Rd2 O-O 19. O-O c5 20. Rfd1 Nc6 21. Rd6 Nb4 22. Nxb4 Qxb4 23. Qc2 c4 24. f5 Qc5+ 25. Kg2 Qxf5 26. Qc3 Qf6 27. Qb4 Qe5 28. Rd7 Qe2+ 29. Kh3 Qxf3 30. R1d4 Qf1+ 31. Kh4 h6 32. Qe7 Rae8 33.
Qd6 e5 34. Rg4 Re6 35. Qd2 g5+ 0-1

[Event "Late-Titled-Tuesday-Blitz-June-04-2024"]
[Site "Chess.com"]
[Date "2024.06.04"]
[Round "1"]
[White "Darkbluelord"]
[Black "harshu27"]
[Result "0-1"]
[WhiteElo "2126"]
[BlackElo "2542"]
[TimeControl "180+1"]
[EndTime "14:05:42 PDT"]
[Termination "harshu27 won by resignation"]

1. e4 c5 2. Nc3 d6 3. f4 Nc6 4. Nf3 g6 5. Bc4 Bg7 6. f5 gxf5 7. d3 fxe4 8. dxe4 Ne5 9. Nxe5 Bxe5 10. O-O Nf6 11. Bxf7+ Kxf7 12. Qh5+ Kg8 13. Qg5+ Kf8 14. Nd5 Be6 15. Qh6+ Ke8 16. Bg5 Bxd5 17. exd5 Kd7 18.
Qh3+ Kc7 19. b4 Bxa1 20. Rxa1 Qd7 21. Qa3 Qb5 22. Rb1 Rhg8 23. Be3 Rxg2+ 24. Kxg2 Qe2+ 25.
Bf2 Rg8+ 26. Kh1 Qe4+ 0-1

[Event "Late-Titled-Tuesday-Blitz-June-04-2024"]
[Site "Chess.com"]
[Date "2024.06.04"]
[Round "1"]
[White "azzbrn"]
[Black "MITerryble"]
[Result "0-1"]
[WhiteElo "2510"]
[BlackElo "3031"]
[TimeControl "180+1"]
[EndTime "14:05:49 PDT"]
[Termination "MITerryble won by resignation"]

1. e4 e6 2. d4 d5 3. e5 c5 4.
c3 Qb6 5. Nf3 Bd7 6. a3 Bb5 7.
Bd3 Bxd3 8. Qxd3 Qa6 9. Qxa6 Nxa6 10. b4 cxd4 11. cxd4 Rc8 12. Nbd2 Nb8 13. Bb2 Ne7 14. Ke2 Kd7 15. Rac1 f6 16. Nb3 b6 17. b5 Ng6 18. g3 Be7 19. h4 h5 20. exf6 gxf6 21. Rhe1 Bd6 22. Kd2 Ke7 23. Rxc8 Rxc8 24. Rc1 Rf8 25.
a4 e5 26. Re1 e4 27. Nh2 f5 28. Nf1 f4 29. a5 fxg3 30. fxg3 Bb4+ 31. Bc3 Rf2+ 32. Re2 Bxc3+ 0-1

[Event "Late-Titled-Tuesday-Blitz-June-04-2024"]
[Site "Chess.com"]
[Date "2024.06.04"]
[Round "1"]
[White "2L8IWUN"]
[Black "RantomOpening"]
[Result "0-1"]
[WhiteElo "2206"]
[BlackElo "2559"]
[TimeControl "180+1"]
[EndTime "14:05:49 PDT"]
[Termination "RantomOpening won by resignation"]

1. d4 d6 2. Nf3 Nf6 3. g3 g6 4. Bg2 Bg7 5. O-O O-O 6. b3 c6 7. Bb2 Qc7 8. c4 Nbd7 9. Nc3 e5 10. e4 Re8 11. Re1 a5 12. Rc1 exd4 13. Nxd4 Nc5 14. h3 Bd7 15. a3 Ne6 16. Nxe6 fxe6 17. e5 dxe5 18. Na4 Nh5 19. Bf3 Rad8 20. Bxh5 gxh5 21. Qxh5 Rf8 22. Bxe5 Bxe5 23. Rxe5 Be8 24. Rg5+ Bg6 25. Nc5 Qf7 26. f4 Qf6 27. Rf1 Rd2 28. Re5 Bxh5 0-1

[Event "Late-Titled-Tuesday-Blitz-June-04-2024"]
[Site "Chess.com"]
[Date "2024.06.04"]
[Round "1"]
[White "AlexeiShirov"]
[Black "pavelalexandru07"]
[Result "1-0"]
[WhiteElo "2902"]
[BlackElo "2477"]
[TimeControl "180+1"]
[EndTime "14:05:51 PDT"]
[Termination "AlexeiShirov won on time"]

1. e4 c5 2. Nf3 d6 3. d4 cxd4 4. Nxd4 Nf6 5. Nc3 a6 6. Be3 e5 7. Nb3 Be6 8. f3 h5 9. Nd5 Bxd5 10. exd5 Nbd7 11. Be2 g6 12. Qd2 Bg7 13. Na5 O-O 14. c4 e4 15. O-O exf3 16. gxf3 Qc7 17. b4 Rfe8 18. Rac1 b6 19. Nc6 Nb8 20. c5 bxc5 21. bxc5 Nxd5 22. Qxd5 Qxc6 23. Bc4 Rxe3 24. Qxf7+ Kh7 25.
Bd5 Qc8 26. cxd6 Qd8 27. Rc7 Qg5+ 28. Kh1 Qe5 29. Rg1 1-0

[Event "Late-Titled-Tuesday-Blitz-June-04-2024"]
[Site "Chess.com"]
[Date "2024.06.04"]
[Round "1"]
[White "gabduschew"]
[Black "Ramosha"]
[Result "0-1"]
[WhiteElo "2326"]
[BlackElo "2631"]
[TimeControl "180+1"]
[EndTime "14:05:51 PDT"]
[Termination "Ramosha won by checkmate"]

1. e4 c6 2. d4 d5 3. Nc3 dxe4 4. Nxe4 Nf6 5. Nxf6+ exf6 6. c3 Bd6 7. Bc4 O-O 8.
Qc2 Re8+ 9. Ne2 Qc7 10. Be3 Nd7 11.
Bd3 Nf8 12. O-O-O b5 13. h4 a5 14. g4 Bxg4 15. Rdg1 h5 16. Bf5 Bf3 17. Rh3 Bd5 18. Bh6 g6 19. Bxf8 Bxf8 20. Bxg6 fxg6 21. Qxg6+ Qg7 22.
Qxh5 Bf7 23. Rxg7+ Bxg7 24. Qf3 Bd5 25. Qg4 Be6 26. Qg3 Bxh3 27. Nf4 Bf5 28. Nh5 Re7 29. Nxf6+ Kf8 30. Nh5 Rae8 31. Nxg7 Re1+ 32. Kd2 R8e2# 0-1

[Event "Late-Titled-Tuesday-Blitz-June-04-2024"]
[Site "Chess.com"]
[Date "2024.06.04"]
[Round "1"]
[White "jinbojinbo"]
[Black "Kapitan_Bayan"]
[Result "1-0"]
[WhiteElo "2669"]
[BlackElo "2353"]
[TimeControl "180+1"]
[EndTime "14:05:52 PDT"]
[Termination "jinbojinbo won by resignation"]

1. c4 e5 2. Nc3 Nf6 3. g3 Bb4 4. Bg2 O-O 5. Qc2 Re8 6. e3 c6 7. Nge2 d5 8. cxd5 cxd5 9. d4 e4 10. O-O Nc6 11. a3 Bf8 12. b4 Be6 13. Bd2 Rc8 14.
Rfc1 Qd7 15. Nf4 Bf5 16. Qa2 Red8 17. b5 Ne7 18. Qb3 g5 19. Nfe2 h5 20. f4 exf3 21.
Bxf3 h4 22. Rf1 Bd3 23. Nxd5 Nexd5 24. Qxd3 g4 25. Bh1 h3 26. e4 1-0

[Event "Late-Titled-Tuesday-Blitz-June-04-2024"]
[Site "Chess.com"]
[Date "2024.06.04"]
[Round "1"]
[White "Legit"]
[Black "SuanTiltado"]
[Result "1-0"]
[WhiteElo "2773"]
[BlackElo "2432"]
[TimeControl "180+1"]
[EndTime "14:05:53 PDT"]
[Termination "Legit won by resignation"]

1. d4 d5 2. Nf3 Nf6 3. c4 e6 4.
g3 dxc4 5. Bg2 c5 6. O-O Nc6 7. Qa4 Bd7 8. Qxc4 b5 9. Qd3 c4 10. Qd1 Rc8 11. Bf4 Nd5 12. Nc3 Nxf4 13. gxf4 b4 14.
Ne4 Be7 15. Qc2 Na5 16. e3 O-O 17. Rfd1 Bc6 18. Neg5 g6 19. h4 h6 20. Nxe6 fxe6 21.
Qxg6+ Kh8 22. Qxh6+ Kg8 23. Qg6+ Kh8 24. Ng5 Bxg5 25.
hxg5 Qe8 26. Qh6+ Kg8 27. Bxc6 Rxc6 28. g6 Qe7 29. d5 exd5 30. Rxd5 Rff6 31. Rd8+ Qxd8 32.
Qh7+ Kf8 33. g7+ 1-0

[Event "Late-Titled-Tuesday-Blitz-June-04-2024"]
[Site "Chess.com"]
[Date "2024.06.04"]
[Round "1"]
[White "Mackster23"]
[Black "glebus008"]
[Result "1-0"]
[WhiteElo "2673"]
[BlackElo "2367"]
[TimeControl "180+1"]
[EndTime "14:05:58 PDT"]
[Termination "Mackster23 won by checkmate"]

1. e4 Nc6 2. d4 d5 3. e5 f6 4.
f4 Bf5 5. c3 e6 6. Nd2 Be7 7. Ngf3 Nh6 8. Be2 O-O 9. O-O fxe5 10. fxe5 Bg4 11. h3 Bxf3 12. Nxf3 Nf5 13. Kh2 Qe8 14. Bd3 Qd8 15. Bd2 Bh4 16. Nxh4 Qxh4 17. Qg4 Qxg4 18. hxg4 Nh4 19. Kg3 Ng6 20. Rh1 Nce7 21. Rh5 Rf7 22. Rah1 h6 23. g5 hxg5 24.
Bxg5 Nf5+ 25. Kg4 Raf8 26. g3 b6 27. Bd2 c5 28. Kg5 Nxg3 29. Rh8+ Nxh8 30. Bh7# 1-0

[Event "Late-Titled-Tuesday-Blitz-June-04-2024"]
[Site "Chess.com"]
[Date "2024.06.04"]
[Round "1"]
[White "Stanbad1"]
[Black "Arimin1329"]
[Result "1-0"]
[WhiteElo "2654"]
[BlackElo "2345"]
[TimeControl "180+1"]
[EndTime "14:05:58 PDT"]
[Termination "Stanbad1 won by resignation"]

1. d4 Nf6 2. Nc3 b6 3. e4 c5 4.
dxc5 bxc5 5. e5 Ng8 6. Bc4 Bb7 7. Nf3 g6 8. O-O Bg7 9. Re1 e6 10. Nb5 Kf8 11. Nd6 Bc6 12. Ng5 Nh6 13. Be3 Bxe5 14. Bxc5 Bxd6 15. Qxd6+ Kg7 16. Bd4+ f6 17. Rxe6 Nf5 18.
Bxf6+ Qxf6 19. Rxf6 Nxd6 20. Rxd6 Re8 21. b4 h6 22. Nh3 Be4 23. Bb3 Bf5 24. Nf4 Nc6 25.
a3 Ne5 26. Rad1 Rac8 27. R6d2 Ng4 28. h3 Nf6 29. g4 Be4 30. Nd5 Bf3 31. Nxf6 Kxf6 32.
Rd6+ Kg5 33. R1d3 Re1+ 34. Kh2 Bc6 35. Bd5 Bb5 36. Rd2 Rc3 37. Bg2 Kh4 38. Rxg6 Rxa3 39. Rxh6+ Kg5 40. Rh5+ Kg6 41. Rxb5 1-0